 Dungeon Crawl Stone Soup version 0.30-a0-618-gd6c86c23d0 (webtiles) character file.

Game seed: 11606735680327490492

3 flotson the Sneak (level 1, -7/18 HPs)
             Began as a Demonspawn Delver on Jan 10, 2023.
             Mangled by an orc warrior
             ... wielding a +0 mace
              (10 damage)
             ... on level 4 of the Dungeon.
             The game lasted 00:01:23 (222 turns).

flotson the Sneak (Demonspawn Delver)                Turns: 222, Time: 00:01:23

Health: -7/18      AC:  5    Str: 12    XL:     1   Next: 41%
Magic:  1/1        EV: 10    Int: 11    God:
Gold:   0          SH:  0    Dex: 14    Spells: 0/0 levels left

rFire   . . .      SeeInvis .    a - +0 hand axe
rCold   . . .      Faith    .    (no shield)
rNeg    . . .      Spirit   .    h - +0 ring mail
rPois   .          Reflect  .    (no helmet)
rElec   .          Harm     +    d - scarf {harm}
rCorr   .          Rampage  .    (no gloves)
Will    .....                    (no boots)
Stlth   ++                       (no amulet)
HPRegen 0.23/turn                (no ring)
MPRegen 0.07/turn                (no ring)

@: no status effects
A: no striking features
a: no special abilities


You were on level 4 of the Dungeon.
You visited 1 branch of the dungeon, and saw 2 of its levels.

Inventory:

Hand Weapons
 a - a +0 hand axe (weapon)
Missiles
 f - 2 boomerangs (quivered)
Armour
 d - a scarf of harm (worn)
 h - a +0 ring mail (worn)
Wands
 g - a wand of digging (2)
Scrolls
 c - a scroll of fog
 e - a scroll of fear


   Skills:
 + Level 3.0 Fighting
 + Level 1.8 Axes
 + Level 0.0 Throwing
 + Level 0.1 Armour
 + Level 1.8 Dodging
 + Level 4.5 Stealth
 + Level 0.1 Evocations


You couldn't memorise any spells.
You didn't know any spells.
Your spell library was empty.

Dungeon Overview and Level Annotations

Branches:
Dungeon (5/15)             Temple (0/1) D:5

Altars:


Message History

h - a +0 ring mail You start removing your armour.
You continue taking off your +0 leather armour. x4
You finish taking off your +0 leather armour.
You start putting on your armour.
You continue putting on your +0 ring mail. x5
You finish putting on your +0 ring mail.
Unknown command.
You drop a +0 leather armour.
An orc comes into view. It is wielding a +0 whip.
The orc shouts!
You hear a shout! x2
The orc hits you but does no damage.
You hit the orc but do no damage.
You hear the slow rusting of a very distant drain.
The orc hits you with a +0 whip.
You closely miss the orc. The orc misses you.
You closely miss the orc. The orc misses you. The orc barely misses you.
You closely miss the orc. The orc closely misses you.
You hit the orc.
The orc is heavily wounded.
You hit the orc. The orc closely misses you. The orc barely misses you.
You hit the orc. Your punch misses the orc.
The orc is almost dead.
You hit the orc but do no damage. The orc closely misses you.
You hit the orc but do no damage.
The orc is heavily wounded.
You hit the orc warrior but do no damage.
The orc barely misses you.
The orc priest shouts!
You hit the orc.
You kill the orc!
You hit the orc warrior but do no damage.
The orc priest looks satisfied for a moment.
The orc warrior hits you with a +0 mace!
Ouch! That really hurt!
* * * LOW HITPOINT WARNING * * *
The orc barely misses you.
The orc warrior hits you with a +0 mace!
Ouch! That really hurt!
You die...

#. # .####.### ##
........######### #.
..###.#.....[...###
###.
#..########...####...
#...#########.......#
##...##..............
###..#.#####...#####
#.@...# #...###
#.oo### #.### #..#.#
#.# #..# .# #.# ...#
..#...o....... #.##
..#....####### #.
#.###..# . .o ....
##...


You could see an orc warrior, an orc priest and an orc.

Vanquished Creatures
  2 orcs (D:4)
  A kobold (D:4)
3 creatures vanquished.

Notes
Turn   | Place    | Note
-------+----------+-------------------------------------------
     0 | D:5      | flotson the Demonspawn Delver began the quest for the Orb.
     0 | D:5      | Reached XP level 1. HP: 18/18 MP: 1/1
    15 | D:5      | Noticed a phantom
    33 | D:5      | Noticed an iguana
   147 | D:4      | Noticed an orc priest
   148 | D:4      | Noticed an orc warrior
   148 | D:4      | Noticed a scorpion
   222 | D:4      | Mangled by an orc warrior

Illustrated notes

Levels and vault maps discovered:
D:4:      layout_rooms, mainiacjoe_overflow_catwalk, mainiacjoe_overflow_swirl,
          cheibrodos_sewer_entry_bend, uniq_edmund
D:5:      layout_cave_pods, grunt_qazlal_clouds, minmay_temple_entry_steel_oval,
          uniq_duvessa, uniq_ijyb

Action                   || total
-------------------------++-------
Melee: Hand axe          ||    21
Evoke: Wand              ||     1
  Use: Scroll            ||     1
       Potion            ||     1
Armor: Leather armour    ||     5
       Ring mail         ||     1
Dodge: Dodged            ||    15

Table legend: (Time is in decaauts)
 A = Elapsed time spent in this place.
 B = Non-inter-level travel time spent in this place.
 C = Inter-level travel time spent in this place.
 D = Time resting spent in this place.
 E = Time spent auto-exploring this place.
 F = Levels seen in this place.
 G = Mean time per level.
                   A        B        C        D        E       F      G
               +--------+--------+--------+--------+--------+-----+--------+
         Total |    206 |    206 |      0 |      0 |     90 |   2 |  103.0 |
       Dungeon |    206 |    206 |      0 |      0 |     90 |   2 |  103.0 |
               +--------+--------+--------+--------+--------+-----+--------+

Top non-repeatable levels by time:
     D:4: 159 daAuts
     D:5: 47 daAuts
